 Dungeon Crawl Stone Soup version 0.28-a0-1510-gd0f6b136d3 (webtiles) character file.

Game seed: 9854824775326719069

51 ryw the Chiller (level 3, 0/25 (26) HPs)
             Began as a Demigod Ice Elementalist on Jan 16, 2022.
             Slain by a wight (16 damage)
             ... on level 2 of the Dungeon.
             The game lasted 00:04:01 (2474 turns).

ryw the Chiller (Demigod Ice Elementalist)          Turns: 2474, Time: 00:04:02

HP:   0/25 (26)     AC:  4    Str: 15    XL:     3   Next: 36%
MP:   5/8           EV: 12    Int: 21    God:
Gold: 60            SH:  0    Dex: 14    Spells: 1/5 levels left

rFire   . . .      SeeInvis .   o - +0 war axe
rCold   . . .      Faith    .   (no shield)
rNeg    . . .      Spirit   .   a - +0 robe
rPois   .          Reflect  .   (no helmet)
rElec   .          Harm     .   (no cloak)
rCorr   .          Rampage  .   (no gloves)
Will    .....                   h - +1 pair of boots
Stlth   ++........              (no amulet)
HPRegen 0.08/turn               n - +6 ring of strength
MPRegen 0.11/turn               (no ring)

@: lightly drained
A: high mp 1, forlorn, divine attributes
a: no special abilities


You were on level 2 of the Dungeon.
You visited 1 branch of the dungeon, and saw 3 of its levels.

You collected 60 gold pieces.

Inventory:

Hand Weapons
 k - a +1 hand axe of freezing
 o - a +0 war axe (weapon)
Armour
 a - a +0 robe (worn)
 h - a +1 pair of boots (worn)
Jewellery
 n - a +6 ring of strength (left hand)
Wands
 p - a wand of flame (17)
Scrolls
 b - 3 scrolls of vulnerability {unknown}
 c - a scroll of teleportation {unknown}
 f - a scroll of identify {unknown}
Potions
 d - a potion of curing {unknown}
 e - a potion of lignification {unknown}
 g - 2 potions of haste {unknown}
 i - 3 potions of flight {unknown}
 j - a potion of heal wounds {unknown}
 l - a potion of might {unknown}
 m - a potion of cancellation {unknown}


   Skills:
 - Level 2.0 Dodging
 - Level 2.0 Stealth
 - Level 1.9 Spellcasting
 + Level 4.5 Ice Magic


You had one spell level left.
You knew the following spells:

 Your Spells              Type           Power      Damage    Failure   Level
a - Freeze                Ice            84%        1d10      2%          1
b - Frozen Ramparts       Ice            42%        1d6       7%          3

Your spell library contained the following spells:

 Spells                   Type           Power      Damage    Failure   Level
 Animate Skeleton         Necr           4%         N/A       16%         1
 Apportation              Tloc           4%         N/A       16%         1
 Summon Small Mammal      Summ           8%         N/A       16%         1
 Ozocubu's Armour         Ice            21%        N/A       7%          3
 Hailstorm                Conj/Ice       11%        3d5       50%         4


Dungeon Overview and Level Annotations

Branches:
Dungeon (3/15)


Innate Abilities, Weirdness & Mutations

You have an increased reservoir of magic. (+10% MP)
You shall have no god before yourself.
Your divine heritage dramatically boosts your attributes as you level up.


Message History

The wight misses you. The wight barely misses you.
You climb upwards.
There is a stone staircase leading down here.
Casting: Freeze (safe; 2% risk of failure)
Confirm with . or Enter, or press ? or * to list all spells.
Aiming: Freeze (safe; 2% risk of failure)
Press: ? - help, Shift-Dir - straight line, f - wight
Aim: a wight, wielding a +0 great sword and wearing a +0 robe You freeze the wight.
The wight resists.
The wight is lightly damaged.
The wight closely misses you.
Casting: Freeze (safe; 2% risk of failure)
Confirm with . or Enter, or press ? or * to list all spells.
Aiming: Freeze (safe; 2% risk of failure)
Press: ? - help, Shift-Dir - straight line, f/p - wight
Aim: a wight, wielding a +0 great sword and wearing a +0 robe (lightly damaged)
You freeze the wight.
The wight resists.
The wight is moderately damaged.
The wight completely misses you.
Casting: Freeze (safe; 2% risk of failure)
Confirm with . or Enter, or press ? or * to list all spells.
Aiming: Freeze (safe; 2% risk of failure)
Press: ? - help, Shift-Dir - straight line, f/p - wight
Aim: a wight, wielding a +0 great sword and wearing a +0 robe (moderately damaged)
You freeze the wight.
The wight resists.
The wight is moderately damaged.
The wight closely misses you.
You closely miss the wight.
The wight is moderately damaged.
The wight misses you.
You barely miss the wight.
The wight is moderately damaged.
The wight barely misses you.
The wight hits you with a +0 great sword!
You feel drained.
You closely miss the wight.
The wight is moderately damaged.
The wight hits you with a +0 great sword!
Ouch! That really hurt!
You die...

### ##############.#########
#..............##.[.....
#.############.##.######
#.#####....#...#........
#....##.##.##.##..######
####.##z##.##.....######
#.##@................
#.##.##.....#.#######
#.##.######.#.# ###'##.#
#.#.######
#......######.#......##
#....................'.
##.............#......##
######.....#........#......#
#..........#........#......#


You could see a wight.

Vanquished Creatures
  An adder (D:2)
  2 dart slugs (D:1)
  4 ball pythons (D:2)
  3 giant cockroaches
  4 goblins (D:1)
  4 hobgoblins
  3 kobolds (D:1)
  A quokka (D:1)
  6 bats
  2 frilled lizards (D:2)
  5 rats
35 creatures vanquished.

Notes
Turn   | Place    | Note
-------+----------+-------------------------------------------
     0 | D:1      | ryw the Demigod Ice Elementalist began the quest for the
                  | Orb.
     0 | D:1      | Reached XP level 1. HP: 14/14 MP: 5/5
   541 | D:1      | Reached XP level 2. HP: 20/20 MP: 5/7
   848 | D:1      | Reached skill level 4 in Ice Magic
  1456 | D:2      | Reached XP level 3. HP: 26/26 MP: 6/8
  1460 | D:2      | Learned a level 3 spell: Frozen Ramparts
  2474 | D:2      | Slain by a wight

Illustrated notes

Levels and vault maps discovered:
D:1:      dpeg_arrival_subterranean_lakeside_camping, layout_basic, hex_large,
          hangedman_abyss_or_decor_stabs, minmay_3d_cube
D:2:      layout_basic
D:3:      layout_rooms, shapermc_ecumenical_altar_mp_vishouse, uniq_grinder,
          uniq_jessica, uniq_terence

Skill      XL: |  1  2 |
---------------+-------+-----
Stealth        | 2 |  2.0
Dodging        | 2 |  2.0
Ice Magic      | 4 |  4.5
Spellcasting   | |  1.9

Action                   || total
-------------------------++-------
Melee: War axe           ||     7
       Hand axe          ||     4
 Cast: Freeze            ||    48
 Stab: Sleeping          ||     1
Armor: Robe              ||    11
Dodge: Dodged            ||    29

Table legend: (Time is in decaauts)
 A = Elapsed time spent in this place.
 B = Non-inter-level travel time spent in this place.
 C = Inter-level travel time spent in this place.
 D = Time resting spent in this place.
 E = Time spent auto-exploring this place.
 F = Levels seen in this place.
 G = Mean time per level.
                   A        B        C        D        E       F      G
               +--------+--------+--------+--------+--------+-----+--------+
         Total |   2478 |   2373 |    105 |    350 |   1726 |   3 |  826.0 |
       Dungeon |   2478 |   2373 |    105 |    350 |   1726 |   3 |  826.0 |
               +--------+--------+--------+--------+--------+-----+--------+

Top non-repeatable levels by time:
     D:1: 1453 daAuts
     D:2: 1023 daAuts
     D:3: 1 daAuts
